TOP OF THE 1ST |
---|
North Carolina Tar Heels batting - Pitching for Alabama Crimson Tide : RHP Hubert Chilcott | Pitching: RHP Hubert Chilcott | | Batting: RHB Marvin Montgomery | 0-0: Ground out 4-3 (Groundball, 4MS) | Batting: RHB Howard Brown | 0-0: Called Strike 0-1: Ground out 5-3 (Groundball, 56) | Batting: LHB Marvin Jones | 0-0: Fly out, F2 (Popup, 2L) | Top of the 1st over - 0 runs, 0 hits, 0 errors, 0 left on base; North Carolina 0 - Alabama 0 | BOTTOM OF THE 1ST |
---|
Alabama Crimson Tide batting - Pitching for North Carolina Tar Heels : LHP Keith Baldwin | Pitching: LHP Keith Baldwin | | Batting: RHB Alfredo Bernard | 0-0: Called Strike 0-1: Ball 1-1: Ball 2-1: Called Strike 2-2: Ball 3-2: Ground out 3-1 (Groundball, 34S) | Batting: SHB Dave Wilson | 0-0: Ground out 4-3 (Groundball, 34) | Batting: LHB Steve Woods | 0-0: Called Strike 0-1: Ball 1-1: Ball 2-1: Ball 3-1: Base on Balls | Batting: RHB Jason Carr | 0-0: Ball 1-0: Ball 2-0: Ball 3-0: Called Strike 3-1: Base on Balls Steve Woods to second | Batting: LHB Steve Blankenship | 0-0: 3-RUN HOME RUN (Flyball, 8RXD), Distance : 408 ft | Batting: LHB Clarence Bowen | 0-0: Swinging Strike 0-1: Called Strike 0-2: Ball 1-2: Strikes out swinging | Bottom of the 1st over - 3 runs, 1 hit, 0 errors, 0 left on base; North Carolina 0 - Alabama 3 | TOP OF THE 2ND |
---|
North Carolina Tar Heels batting - Pitching for Alabama Crimson Tide : RHP Hubert Chilcott | Batting: LHB Timothy Pierce | 0-0: Called Strike 0-1: Ball 1-1: Foul Ball, location: 2F 1-2: Fly out, F7 (Flyball, 7LM) | Batting: RHB Scotty Sherman | 0-0: Ball 1-0: Called Strike 1-1: Called Strike 1-2: Ball 2-2: Foul Ball, location: 2F 2-2: Foul Ball, location: 2F 2-2: Foul Ball, location: 2F 2-2: Strikes out swinging | Batting: LHB Stanley Woods | 0-0: Ball 1-0: Called Strike 1-1: Ball 2-1: Ground out 4-3 (Groundball, 4) | Top of the 2nd over - 0 runs, 0 hits, 0 errors, 0 left on base; North Carolina 0 - Alabama 3 | BOTTOM OF THE 2ND |
---|
Alabama Crimson Tide batting - Pitching for North Carolina Tar Heels : LHP Keith Baldwin | Batting: SHB John Fullerton | 0-0: Ball 1-0: Swinging Strike 1-1: Foul Ball, location: 2F 1-2: Ball 2-2: Ball 3-2: Strikes out swinging | Batting: SHB Bobby Riggs | 0-0: Foul Ball, location: 2F 0-1: Ball 1-1: Called Strike 1-2: Foul Ball, location: 2F 1-2: Foul Ball, location: 2F 1-2: SINGLE (Line Drive, 7S) | Batting: RHB Shannon Watson | 0-0: Ball 1-0: Called Strike 1-1: Ball 2-1: Grounds into double play, 5-4-3 (Groundball, 56) | Bottom of the 2nd over - 0 runs, 1 hit, 0 errors, 0 left on base; North Carolina 0 - Alabama 3 | TOP OF THE 3RD |
---|
North Carolina Tar Heels batting - Pitching for Alabama Crimson Tide : RHP Hubert Chilcott | Batting: LHB Alfonso Sánchez | 0-0: Ball 1-0: Ground out 4-3 (Groundball, 4S) | Batting: RHB Shane Hunter | 0-0: Called Strike 0-1: Foul Ball, location: 2F 0-2: Ball 1-2: Fly out, F9 (Line Drive, 89M) | Batting: RHB James Shane | 0-0: Foul Ball, location: 2F 0-1: Ball 1-1: Ball 2-1: Swinging Strike 2-2: Foul Ball, location: 2F 2-2: Strikes out swinging | Top of the 3rd over - 0 runs, 0 hits, 0 errors, 0 left on base; North Carolina 0 - Alabama 3 | BOTTOM OF THE 3RD |
---|
Alabama Crimson Tide batting - Pitching for North Carolina Tar Heels : LHP Keith Baldwin | Batting: RHB Alfredo Bernard | 0-0: Ball 1-0: Ball 2-0: Called Strike 2-1: Fly out, F3 (Popup, 3F) | Batting: SHB Dave Wilson | 0-0: Called Strike 0-1: Called Strike 0-2: Strikes out looking | Batting: LHB Steve Woods | 0-0: Called Strike 0-1: Foul Ball, location: 2F 0-2: SINGLE (Line Drive, 89M) | Batting: RHB Jason Carr | 0-0: Called Strike 0-1: Foul Ball, location: 2F 0-2: Strikes out looking | Bottom of the 3rd over - 0 runs, 1 hit, 0 errors, 1 left on base; North Carolina 0 - Alabama 3 | TOP OF THE 4TH |
---|
North Carolina Tar Heels batting - Pitching for Alabama Crimson Tide : RHP Hubert Chilcott | Batting: RHB Marvin Montgomery | 0-0: Foul Ball, location: 2F 0-1: Foul Ball, location: 2F 0-2: Foul Ball, location: 2F 0-2: SINGLE (Groundball, 4MD) | Batting: RHB Howard Brown | 0-0: Swinging Strike 0-1: Ball 1-1: Fly out, F6 (Popup, 6M) | Batting: LHB Marvin Jones | 0-0: DOUBLE (Flyball, 78D) Marvin Montgomery to third Runner from 3rd tries for Home, SAFE, no throw | Batting: LHB Timothy Pierce | 0-0: Ball 1-0: Foul Ball, location: 2F 1-1: Ball 2-1: Ball 3-1: Called Strike 3-2: Strikes out swinging | Batting: RHB Scotty Sherman | 0-0: Ball 1-0: Ball 2-0: Ball 3-0: Called Strike 3-1: Base on Balls | Batting: LHB Stanley Woods | 0-0: Ball 1-0: Called Strike 1-1: Swinging Strike 1-2: Ball 2-2: Ball 3-2: Base on Balls Marvin Jones to third Scotty Sherman to second | Batting: LHB Alfonso Sánchez | 0-0: Reached on error, E3 (Groundball, 34) Marvin Jones scores Scotty Sherman to third Stanley Woods to second | Batting: RHB Shane Hunter | 0-0: Ball 1-0: Foul Ball, location: 2F 1-1: Ball 2-1: SINGLE (Groundball, 56) (infield hit) Scotty Sherman scores Stanley Woods to third Alfonso Sánchez to second | Batting: RHB James Shane | 0-0: Called Strike 0-1: Ball 1-1: Ball 2-1: Ball 3-1: Foul Ball, location: 2F 3-2: Base on Balls Stanley Woods scores Alfonso Sánchez to third Shane Hunter to second | Batting: RHB Marvin Montgomery | 0-0: Ball Wild Pitch! Alfonso Sánchez scores Shane Hunter to third James Shane to second 1-0: Fly out, F9 (Line Drive, 9LM) | Top of the 4th over - 5 runs, 3 hits, 1 error, 2 left on base; North Carolina 5 - Alabama 3 | BOTTOM OF THE 4TH |
---|
Alabama Crimson Tide batting - Pitching for North Carolina Tar Heels : LHP Keith Baldwin | Batting: LHB Steve Blankenship | 0-0: Ball 1-0: Ball 2-0: Ball 3-0: Base on Balls | Batting: LHB Clarence Bowen | 0-0: Ball 1-0: Foul Ball, location: 2F 1-1: Ball 2-1: Swinging Strike 2-2: SINGLE (Groundball, 4MD) Steve Blankenship to second | Batting: SHB John Fullerton | 0-0: Called Strike 0-1: Ball 1-1: Ball 2-1: Ball 3-1: Called Strike 3-2: Foul Ball, location: 2F 3-2: Base on Balls Steve Blankenship to third Clarence Bowen to second | Batting: SHB Bobby Riggs | 0-0: Ball 1-0: Ball 2-0: Foul Ball, location: 2F 2-1: DOUBLE (Line Drive, 9LM) Steve Blankenship scores Clarence Bowen scores John Fullerton to third | Batting: RHB Shannon Watson | 0-0: Called Strike 0-1: Foul Ball, location: 2F 0-2: Ball 1-2: Foul Ball, location: 2F 1-2: 3-RUN HOME RUN (Flyball, 7LD), Distance : 336 ft | Pitching: RHP Preston Carter | | Batting: RHB Alfredo Bernard | 0-0: Foul Ball, location: 2F 0-1: Foul Ball, location: 2F 0-2: Ball 1-2: Ground out 1-3 (Groundball, 13S) | Batting: SHB Dave Wilson | 0-0: Ball 1-0: Ball 2-0: Called Strike 2-1: Ball 3-1: Called Strike 3-2: Base on Balls | Batting: LHB Steve Woods | 0-0: Called Strike 0-1: Called Strike 0-2: Fly out, F8 (Flyball, 78M) | Batting: RHB Jason Carr | 0-0: Ball 1-0: Called Strike 1-1: Foul Ball, location: 2F 1-2: Ball 2-2: Foul Ball, location: 2F 2-2: Ball 3-2: Foul Ball, location: 2F 3-2: Ground out 5-3 (Groundball, 5S) | Bottom of the 4th over - 5 runs, 3 hits, 0 errors, 1 left on base; North Carolina 5 - Alabama 8 | TOP OF THE 5TH |
---|
North Carolina Tar Heels batting - Pitching for Alabama Crimson Tide : RHP Hubert Chilcott | Batting: RHB Howard Brown | 0-0: Called Strike 0-1: Foul Ball, location: 2F 0-2: Ball 1-2: Strikes out looking | Batting: LHB Marvin Jones | 0-0: Ball 1-0: SINGLE (Groundball, 56D) | Batting: LHB Timothy Pierce | 0-0: Ball 1-0: Called Strike 1-1: Foul Ball, location: 2F 1-2: Grounds into double play, 1-6-3 (Groundball, 13S) | Top of the 5th over - 0 runs, 1 hit, 0 errors, 0 left on base; North Carolina 5 - Alabama 8 | BOTTOM OF THE 5TH |
---|
Alabama Crimson Tide batting - Pitching for North Carolina Tar Heels : RHP Preston Carter | Batting: LHB Steve Blankenship | 0-0: Foul Ball, location: 2F 0-1: Ball 1-1: Called Strike 1-2: Ball 2-2: Fly out, F8 (Flyball, 8LD) | Batting: LHB Clarence Bowen | 0-0: Ball 1-0: SINGLE (Groundball, 4MD) | Batting: SHB John Fullerton | 0-0: Ball 1-0: Fly out, F8 (Line Drive, 8RM) | Batting: SHB Bobby Riggs | 0-0: Called Strike 0-1: SINGLE (Groundball, 6MD) Clarence Bowen to second Runner from 2nd tries for 3rd, SAFE, throw made to third | Batting: RHB Shannon Watson | 0-0: Called Strike 0-1: Ball 1-1: Ball 2-1: Called Strike 2-2: SINGLE (Flyball, 9LM) Clarence Bowen scores Bobby Riggs to second Runner from 2nd tries for 3rd, SAFE, throw made to third | Batting: RHB Alfredo Bernard | 0-0: Ball Wild Pitch! Bobby Riggs scores Shannon Watson to second 1-0: Ball 2-0: Ball 3-0: Called Strike 3-1: Base on Balls | Batting: SHB Dave Wilson | 0-0: Swinging Strike 0-1: Ball 1-1: Foul Ball, location: 2F 1-2: Ball 2-2: Fly out, F2 (Popup, 15S) | Bottom of the 5th over - 2 runs, 3 hits, 0 errors, 2 left on base; North Carolina 5 - Alabama 10 | TOP OF THE 6TH |
---|
North Carolina Tar Heels batting - Pitching for Alabama Crimson Tide : RHP Hubert Chilcott | Pitching: LHP Jack Grimes | | Batting: RHB Scotty Sherman | 0-0: SINGLE (Flyball, 78S) | Batting: LHB Stanley Woods | 0-0: Called Strike 0-1: Ball Scotty Sherman is caught stealing 2nd base 1-1: Ball 2-1: Foul Ball, location: 2F 2-2: Strikes out swinging | Batting: LHB Alfonso Sánchez | 0-0: Ball 1-0: Ball 2-0: Foul Ball, location: 2F 2-1: Reached on error, E6 (Groundball, 6) | Batting: RHB Shane Hunter | 0-0: Ball 1-0: Called Strike 1-1: Ball 2-1: Swinging Strike 2-2: Strikes out swinging | Top of the 6th over - 0 runs, 1 hit, 1 error, 1 left on base; North Carolina 5 - Alabama 10 | BOTTOM OF THE 6TH |
---|
Alabama Crimson Tide batting - Pitching for North Carolina Tar Heels : RHP Preston Carter | Batting: LHB Steve Woods | 0-0: Swinging Strike 0-1: Ball 1-1: Ball 2-1: Foul Ball, location: 2F 2-2: Ball 3-2: Foul Ball, location: 2F 3-2: SINGLE (Groundball, 6D) | Batting: RHB Jason Carr | 0-0: Swinging Strike 0-1: Ball 1-1: Fielders Choice at 2nd, 6-4 (Groundball, 56) | Batting: LHB Steve Blankenship | 0-0: Called Strike Jason Carr steals 2nd base 0-1: Ball 1-1: Swinging Strike 1-2: Ball 2-2: Ball 3-2: Base on Balls | Pitching: RHP Van Mojica | | Batting: LHB Clarence Bowen | 0-0: Ball 1-0: Fielders Choice at 2nd, 1-6 (Groundball, P) Jason Carr to third | Batting: SHB John Fullerton | 0-0: Called Strike 0-1: Ground out 4-3 (Groundball, 4) | Bottom of the 6th over - 0 runs, 1 hit, 0 errors, 2 left on base; North Carolina 5 - Alabama 10 | TOP OF THE 7TH |
---|
North Carolina Tar Heels batting - Pitching for Alabama Crimson Tide : LHP Jack Grimes | Batting: RHB James Shane | 0-0: SINGLE (Line Drive, 34D) | Batting: RHB Marvin Montgomery | 0-0: Ball 1-0: Ball 2-0: Foul Ball, location: 2F 2-1: Fly out, F9 (Flyball, 9) | Batting: RHB Howard Brown | 0-0: Ball 1-0: Called Strike 1-1: Swinging Strike 1-2: Ball 2-2: Foul Ball, location: 2F 2-2: Strikes out swinging | Batting: LHB Marvin Jones | 0-0: Swinging Strike 0-1: Ball 1-1: Foul Ball, location: 2F 1-2: DOUBLE (Groundball, 3L) James Shane to third Runner from 3rd tries for Home, throw and OUT! | Top of the 7th over - 0 runs, 2 hits, 0 errors, 1 left on base; North Carolina 5 - Alabama 10 | BOTTOM OF THE 7TH |
---|
Alabama Crimson Tide batting - Pitching for North Carolina Tar Heels : RHP Van Mojica | Batting: SHB Bobby Riggs | 0-0: Ball 1-0: Ball 2-0: Called Strike 2-1: Foul Ball, location: 2F 2-2: Foul Ball, location: 2F 2-2: Ground out 4-3 (Groundball, 4) | Batting: RHB Shannon Watson | 0-0: Ball 1-0: Swinging Strike 1-1: Ball 2-1: Swinging Strike 2-2: Fly out, F7 (Line Drive, 78S) | Batting: RHB Alfredo Bernard | 0-0: Ball 1-0: Ball 2-0: Ball 3-0: Called Strike 3-1: Ground out 6-3 (Groundball, 6) | Bottom of the 7th over - 0 runs, 0 hits, 0 errors, 0 left on base; North Carolina 5 - Alabama 10 | TOP OF THE 8TH |
---|
North Carolina Tar Heels batting - Pitching for Alabama Crimson Tide : LHP Jack Grimes | Batting: LHB Timothy Pierce | 0-0: Ball 1-0: Ball 2-0: Foul Ball, location: 2F 2-1: Called Strike 2-2: Ball 3-2: Base on Balls | Batting: RHB Scotty Sherman | 0-0: Called Strike 0-1: Ball 1-1: Called Strike 1-2: Fly out, F7 (Flyball, 7S) | Batting: LHB Stanley Woods | 0-0: Called Strike 0-1: Grounds into double play, 4-6-3 (Groundball, 4) | Top of the 8th over - 0 runs, 0 hits, 0 errors, 0 left on base; North Carolina 5 - Alabama 10 | BOTTOM OF THE 8TH |
---|
Alabama Crimson Tide batting - Pitching for North Carolina Tar Heels : RHP Van Mojica | Batting: SHB Dave Wilson | 0-0: Ball 1-0: Ball 2-0: Ball 3-0: Base on Balls | Batting: LHB Steve Woods | 0-0: Fly out, F5 (Line Drive, 5S) | Batting: RHB Jason Carr | 0-0: Ball 1-0: Called Strike 1-1: Called Strike 1-2: Strikes out looking | Batting: LHB Steve Blankenship | 0-0: Called Strike 0-1: Called Strike 0-2: Ball 1-2: Strikes out swinging | Bottom of the 8th over - 0 runs, 0 hits, 0 errors, 1 left on base; North Carolina 5 - Alabama 10 | TOP OF THE 9TH |
---|
North Carolina Tar Heels batting - Pitching for Alabama Crimson Tide : LHP Jack Grimes | Batting: LHB Alfonso Sánchez | 0-0: Ball 1-0: Foul Ball, location: 2F 1-1: Ball 2-1: Ball 3-1: SINGLE (Groundball, 4MS) (infield hit) | Batting: RHB Shane Hunter | 0-0: Foul Ball, location: 2F 0-1: SINGLE (Line Drive, 8RS) Alfonso Sánchez to second | Batting: RHB James Shane | 0-0: Ball 1-0: Called Strike 1-1: Ball 2-1: SINGLE (Groundball, 34D) Alfonso Sánchez to third Shane Hunter to second | Pitching: LHP Daniel Williams | | Batting: RHB Marvin Montgomery | 0-0: Ball 1-0: Ball 2-0: Ball 3-0: Base on Balls Alfonso Sánchez scores Shane Hunter to third James Shane to second | Batting: RHB Howard Brown | 0-0: Called Strike 0-1: Foul Ball, location: 2F 0-2: Fly out, F7 (Line Drive, 7LM) Runner from 3rd tags up, SCORES, no throw | Batting: LHB Marvin Jones | 0-0: Swinging Strike 0-1: Foul Ball, location: 2F 0-2: Ball 1-2: Foul Ball, location: 2F 1-2: Foul Ball, location: 2F 1-2: Ball 2-2: 3-RUN HOME RUN (Flyball, 9D), Distance : 371 ft | Batting: LHB Timothy Pierce | 0-0: Called Strike 0-1: Foul Ball, location: 2F 0-2: Foul Ball, location: 2F 0-2: Foul Ball, location: 2F 0-2: SINGLE (Groundball, 6MD) | Batting: RHB Scotty Sherman | 0-0: Ball 1-0: Ball 2-0: Ball 3-0: Called Strike 3-1: Base on Balls Timothy Pierce to second | Pinch Runner at 2nd Chris MacFadden: | | Batting: LHB Stanley Woods | 0-0: SINGLE (Groundball, 4S) (infield hit) Chris MacFadden to third Scotty Sherman to second | Batting: LHB Alfonso Sánchez | 0-0: Called Strike 0-1: Swinging Strike 0-2: Strikes out swinging | Batting: RHB Shane Hunter | 0-0: Called Strike 0-1: Ball 1-1: Ground out 4-3 (Groundball, 4S) | Top of the 9th over - 5 runs, 6 hits, 0 errors, 3 left on base; North Carolina 10 - Alabama 10 | BOTTOM OF THE 9TH |
---|
Alabama Crimson Tide batting - Pitching for North Carolina Tar Heels : RHP Van Mojica | Pitching: LHP Gene Johnston | | Batting: LHB Clarence Bowen | 0-0: Ground out 4-3 (Groundball, 4) | Pitching: RHP Maxwell Montés | | Batting: SHB John Fullerton | 0-0: Ball 1-0: Called Strike 1-1: Foul Ball, location: 2F 1-2: Strikes out swinging | Batting: SHB Bobby Riggs | 0-0: Called Strike 0-1: Fly out, F7 (Flyball, 7) | Bottom of the 9th over - 0 runs, 0 hits, 0 errors, 0 left on base; North Carolina 10 - Alabama 10 | TOP OF THE 10TH |
---|
North Carolina Tar Heels batting - Pitching for Alabama Crimson Tide : LHP Daniel Williams | Pitching: RHP Alfonso Sánchez | | Batting: RHB James Shane | 0-0: Swinging Strike 0-1: Ground out 1-3 (Groundball, 13) | Batting: RHB Marvin Montgomery | 0-0: Ball 1-0: Foul Ball, location: 2F 1-1: Ball 2-1: Foul Ball, location: 2F 2-2: Foul Ball, location: 2F 2-2: Foul Ball, location: 2F 2-2: Ball 3-2: Base on Balls | Batting: RHB Howard Brown | 0-0: Grounds into double play, 4-6-3 (Groundball, 4) | Top of the 10th over - 0 runs, 0 hits, 0 errors, 0 left on base; North Carolina 10 - Alabama 10 | BOTTOM OF THE 10TH |
---|
Alabama Crimson Tide batting - Pitching for North Carolina Tar Heels : RHP Maxwell Montés | Pitching: RHP Júlio Martínez | | Batting: RHB Shannon Watson | 0-0: Called Strike 0-1: Ball 1-1: Fly out, F8 (Flyball, 8LS) | Batting: RHB Alfredo Bernard | 0-0: Called Strike 0-1: Fly out, F8 (Flyball, 8LM) | Batting: SHB Dave Wilson | 0-0: Foul Ball, location: 2F 0-1: Ball 1-1: Swinging Strike 1-2: SOLO HOME RUN (Flyball, 9D), Distance : 369 ft | Saturday, December 16th, 2017 - OOTP Baseball 18.8 Build 76 |
|